Map: Ice and Chrome LE

Players

Hupsaiya

  • Race: Protoss Protoss
  • League: Grandmaster
  • Spawn Location: 1:00

BerryRAWR - Winner!

  • Race: Terran Terran
  • League: Grandmaster
  • Spawn Location: 7:00

VOD

Have the link to the VOD?

Description

Time

  • Played on: June 18, 2020, 2 a.m.
  • Length: 6:31
Show
View Real Time Build Order
Export as new Build Order

Hupsaiya Protoss 

Build Orders: 1 Gate Expand, Blink Stalkers 

Get SALT Encoding   

  12  0:02  Probe  
  13  0:13  Pylon  
  13  0:19  Probe  
  14  0:30  Probe  
  14  0:32  Gateway  
  15  0:38  Probe  
  16  0:44  Assimilator  
  16  0:48  Probe  
  17  1:00  Probe  
  18  1:16  Probe  
  19  1:21  Cybernetics Core  
  19  1:33  Nexus  
  19  1:39  Pylon  
  19  1:46  Probe  
  20  1:47  Assimilator  
  20  1:48  Adept  
  22  2:03  Warp Gate  
  22  2:04  Probe  
  23  2:16  Probe  
  23  2:18  Stalker  
  26  2:28  Probe  
  26  2:38  Twilight Council  
  26  2:41  Probe  
  27  2:45  Probe  
  28  2:51  Probe  
  28  2:54  Probe  
  29  3:01  Probe  
  29  3:03  Probe  
  31  3:07  Robotics Facility  
  31  3:11  Gateway, Blink  
  32  3:14  Gateway  
  32  3:15  Probe  
  32  3:18  Probe  
  34  3:28  Probe  
  34  3:30  Probe  
  36  3:36  Assimilator  
  36  3:40  Probe  
  37  3:42  Probe  
  38  3:50  Pylon  
  38  3:53  Stalker  
  40  3:56  Probe  
  40  3:57  Probe  
  42  4:08  Observer  
  42  4:12  Probe  
  42  4:13  Stalker x2  
  42  4:16  Probe  
  49  4:18  Pylon  
  49  4:26  Stalker  
  49  4:27  Observer  
  48  4:38  Stalker x2  
  48  4:49  Probe x2  
  45  5:00  Warp Prism  
  45  5:01  Probe x2  
  47  5:13  Probe  
  50  5:15  Probe  
  50  5:18  Stalker  
  53  5:24  Stalker  
  53  5:25  Probe  
  56  5:29  Observer  
  56  5:34  Probe  
  54  5:40  Probe  
  54  5:42  Probe  
  56  5:43  Pylon  
  57  5:52  Probe  
  59  5:59  Stalker  
  59  6:02  Stalker x2  
  59  6:03  Pylon  
  63  6:10  Probe  
  63  6:14  Probe  
  63  6:15  Robotics Bay  
  63  6:18  Assimilator, Probe  
Show
View Real Time Build Order
Export as new Build Order

BerryRAWR Terran - Winner!

Build Orders:  

Get SALT Encoding   

  12  0:01  SCV  
  13  0:13  SCV  
  14  0:17  Supply Depot  
  14  0:25  SCV  
  15  0:38  SCV  
  15  0:40  Barracks  
  16  0:44  Refinery  
  16  0:50  SCV  
  17  1:02  SCV  
  18  1:15  SCV  
  19  1:27  SCV  
  19  1:30  Reaper  
  21  1:39  Command Center  
  21  1:45  SCV  
  22  1:57  Supply Depot  
  22  2:02  Marine  
  22  2:05  Factory  
  23  2:12  Orbital Command  
  23  2:20  Refinery  
  23  2:24  Barracks Reactor  
  23  2:31  Bunker  
  23  2:41  SCV  
  24  2:52  Starport  
  24  2:53  SCV  
  25  3:00  Orbital Command  
  25  3:12  Hellion x2  
  29  3:14  SCV  
  30  3:28  Barracks Tech Lab  
  30  3:33  Hellion x2, Medivac  
  36  3:35  SCV  
  36  3:38  SCV  
  38  3:42  Supply Depot  
  38  3:52  SCV  
  38  3:57  SCV  
  38  4:01  Marine x2  
  41  4:03  Siege Tank  
  41  4:06  Starport Tech Lab  
  41  4:07  Supply Depot  
  44  4:15  SCV x2  
  46  4:19  Marine x2  
  46  4:23  Supply Depot  
  48  4:24  Cloaking Field  
  48  4:25  Banshee  
  51  4:37  Marine x2  
  51  4:43  Siege Tank  
  54  4:51  SCV  
  47  4:53  SCV  
  47  4:55  Marine  
  47  4:56  Marine  
  50  5:01  Command Center  
  50  5:03  SCV  
  50  5:04  Bunker  
  51  5:07  Bunker  
  51  5:12  Marine  
  51  5:13  Marine  
  53  5:20  Siege Tank  
  56  5:24  Banshee  
  56  5:25  SCV x2  
  61  5:29  Supply Depot  
  61  5:37  SCV  
  61  5:39  Marine x2  
  64  5:43  SCV  
  64  5:44  Barracks  
  64  5:46  Barracks  
  65  5:50  Supply Depot  
  65  5:52  Supply Depot  
  65  5:56  Marine  
  65  5:57  Siege Tank  
  69  6:05  SCV  
  69  6:07  Marine  
  69  6:08  Refinery  
  69  6:09  Refinery  
  71  6:12  SCV  
  71  6:17  SCV  
Tags
 
Add a new tag
Caveats
  • Supply blocks, unpowered buildings, or Contaminate may cause inaccurate times.
  • Supply counts are checked every 10 seconds.